 Dungeon Crawl Stone Soup version 0.29-a0-857-g9b1aa3ac5b (webtiles) character file.

Game seed: 12057580649436992573

93 nxtlvl the Cutter (level 4, 0/27 HPs)
             Began as a Deep Elf Monk on July 17, 2022.
             Slain by a hobgoblin (2 damage)
             ... on level 4 of the Dungeon.
             The game lasted 00:07:31 (742 turns).

nxtlvl the Cutter (Deep Elf Monk)                    Turns: 742, Time: 00:07:31

Health: 0/27       AC:  6    Str:  8    XL:     4   Next: 36%
Magic:  6/6        EV: 13    Int: 23    God:
Gold:   109        SH:  0    Dex: 17    Spells: 3/3 levels left

rFire   . . .      SeeInvis .   a - +0 short sword
rCold   . . .      Faith    .   (no shield)
rNeg    . . .      Spirit   .   b - +0 robe
rPois   .          Reflect  .   (no helmet)
rElec   .          Harm     .   (no cloak)
rCorr   .          Rampage  .   (no gloves)
Will    .....                   (no boots)
Stlth   ++........              (no amulet)
HPRegen 0.09/turn               e - +4 ring of protection
MPRegen 0.10/turn               m - +6 ring of intelligence

@: no status effects
A: no striking features
a: no special abilities


You were on level 4 of the Dungeon.
You visited 1 branch of the dungeon, and saw 4 of its levels.

You collected 109 gold pieces.

Inventory:

Hand Weapons
 a - a +0 short sword (weapon)
Missiles
 q - a poisoned dart (quivered)
Armour
 b - a +0 robe (worn)
Jewellery
 e - a +4 ring of protection (left hand)
 h - a ring of flight
 m - a +6 ring of intelligence (right hand)
Wands
 i - a wand of iceblast (8)
 n - a wand of flame (15)
Scrolls
 d - a scroll of enchant armour {unknown}
 g - 4 scrolls of noise {unknown}
 k - a scroll of magic mapping {unknown}
 l - a scroll of torment {unknown}
 o - a scroll of blinking {unknown}
 p - 2 scrolls of teleportation {unknown}
Potions
 c - a potion of ambrosia
 f - a potion of mutation {unknown}
 j - a potion of heal wounds {unknown}


   Skills:
 - Level 2.4 Fighting
 * Level 5.2 Short Blades
 - Level 3.6 Dodging
 - Level 2.4 Stealth


You had 3 spell levels left.
You didn't know any spells.
Your spell library contained the following spells:

 Spells                   Type           Power      Damage    Failure   Level
 Confusing Touch          Hex            0%         N/A       43%         3
 Yara's Violent Unravell  Hex/Tmut       0%         3d3       99%         5
 Enfeeble                 Hex            0%         N/A       100%        7


Dungeon Overview and Level Annotations

Branches:
Dungeon (4/15)
 Temple: D:4-7

Altars:

Portals:
Ossuary: D:4

Annotations:
D:1 2 runed translucent doors


Message History

The orc misses you.
You hit the orc but do no damage.
The orc is heavily wounded.
You closely miss the orc.
The orc is heavily wounded.
The orc misses you.
You hit the orc.
The orc is almost dead.
The orc hits you with a +0 club.
You closely miss the orc.
The orc is almost dead.
The orc closely misses you.
You barely miss the orc.
The orc is almost dead.
The orc hits you with a +0 club.
You hit the orc.
You kill the orc!
The hobgoblin misses you.
You see here a +0 club.
You closely miss the hobgoblin. The hobgoblin hits you.
* * * LOW HITPOINT WARNING * * *
You hit the hobgoblin.
The hobgoblin is lightly wounded.
The hobgoblin closely misses you.
You closely miss the hobgoblin.
The hobgoblin is lightly wounded.
The hobgoblin hits you but does no damage.
You closely miss the hobgoblin.
The hobgoblin is lightly wounded.
The hobgoblin hits you but does no damage.
You barely miss the hobgoblin.
The hobgoblin is lightly wounded.
The hobgoblin hits you.
* * * LOW HITPOINT WARNING * * *
You closely miss the hobgoblin.
The hobgoblin is lightly wounded.
You hit the hobgoblin.
The hobgoblin is heavily wounded.
The hobgoblin hits you.
You die...

##### ### ....# #..
.....# ###.##.....#
#........... ########
#.#...∩o..# #..)@g(#
#..o#...#.#
#.####.###...##...o..
#.##.....#..o....g...
#.##.....#..#.#.#####
#.##...).(..o.....
##.##.....#..####...#
#..##.....#..# #.#
#.#########..# . #.#
#...


You could see a hobgoblin.

Vanquished Creatures
  An iguana (D:4)
  An orc wizard (D:4)
  An adder (D:4)
  A dart slug (D:2)
  4 orcs (D:4)
  7 endoplasms
  2 goblins
  A hobgoblin (D:3)
  4 kobolds
  3 bats (D:1)
  A frilled lizard (D:1)
  A rat (D:2)
27 creatures vanquished.

Notes
Turn   | Place    | Note
-------+----------+-------------------------------------------
     0 | D:1      | nxtlvl the Deep Elf Monk began the quest for the Orb.
     0 | D:1      | Reached XP level 1. HP: 13/13 MP: 3/3
    62 | D:1      | Found a large runed translucent door.
    62 | D:1      | Found a large runed translucent door.
   144 | D:1      | Found a faded altar of an unknown god.
   177 | D:1      | Reached XP level 2. HP: 16/18 MP: 4/4
   529 | D:2      | Reached skill level 4 in Short Blades
   602 | D:4      | Reached XP level 3. HP: 22/22 MP: 5/5
   673 | D:4      | Found a sand-covered staircase.
   722 | D:4      | Reached skill level 5 in Short Blades
   722 | D:4      | Reached XP level 4. HP: 12/27 MP: 6/6
   742 | D:4      | Slain by a hobgoblin

Illustrated notes

Levels and vault maps discovered:
D:1:      erik_arrival_cave_to_civilisation [erik_arrival_cave_to_temple],
          layout_loops_ring, hellmonk_ecumenical_altar_lost_god, serial_forest,
          infiniplex_forest_lined_room_2, infiniplex_forest_corner_1,
          infiniplex_forest_lined_1, infiniplex_forest_straight_4,
          infiniplex_forest_straight_1, infiniplex_forest_clump_tiny,
          infiniplex_forest_lined_4_way, infiniplex_forest_diagonal,
          infiniplex_forest_clump_double
D:2:      layout_rooms
D:3:      layout_loops_ring, minmay_misc_feat_roman
D:4:      layout_loops_ring, lemuel_coloured_pillars_altar,
          nicolae_ossuary_entry_ruins

Skill      XL: |  1  2  3 |
---------------+----------+-----
Short Blades   | 4 5 |  5.2
Fighting       | |  2.4
Dodging        | |  3.6
Stealth        | |  2.4

Action                   |  1- 3 |  4- 6 || total
-------------------------+-------+-------++-------
Melee: Short sword       |   117 |    18 ||   135
       Punch             |     2 |       ||     2
Throw: Dart              |     6 |     1 ||     7
Evoke: Wand              |     5 |       ||     5
 Stab: Sleeping          |     9 |       ||     9
Armor: Robe              |    16 |     3 ||    19
Dodge: Dodged            |    34 |     7 ||    41

Table legend: (Time is in decaauts)
 A = Elapsed time spent in this place.
 B = Non-inter-level travel time spent in this place.
 C = Inter-level travel time spent in this place.
 D = Time resting spent in this place.
 E = Time spent auto-exploring this place.
 F = Levels seen in this place.
 G = Mean time per level.
                   A        B        C        D        E       F      G
               +--------+--------+--------+--------+--------+-----+--------+
         Total |    725 |    697 |     28 |      0 |     18 |   4 |  181.2 |
       Dungeon |    725 |    697 |     28 |      0 |     18 |   4 |  181.2 |
               +--------+--------+--------+--------+--------+-----+--------+

Top non-repeatable levels by time:
     D:1: 365 daAuts
     D:2: 181 daAuts
     D:4: 134 daAuts
     D:3: 43 daAuts
